 Dungeon Crawl Stone Soup version 0.17.2-1-ge4368a0 (webtiles) character file.

308621 Tobisume the Bludgeoner (level 20, -9/140 HPs)
             Began as a Demonspawn Fighter on Apr 17, 2017.
             Was a High Priest of Qazlal.
             Splashed by an acid blob's acid (11 damage)
             ... on level 5 of the Pits of Slime.
             The game lasted 02:28:34 (39886 turns).

Tobisume the Bludgeoner (Demonspawn Fighter)       Turns: 39886, Time: 02:28:34

Health: -9/140     AC: 41    Str: 28    XL:     20   Next: 35%
Magic:  0/46       EV:  6    Int: 15    God:    Qazlal [*****.]
Gold:   3095       SH: 24    Dex: 14    Spells: 0 memorised, 19 levels left

rFire  + + .     SeeInvis .     K - +8 mace of Compulsion {crush, *Rage rF+ rC+ MR+}
rCold  + + +     Clarity  +     M - +8 orange crystal plate armour {Archmagi, Int+3 Clar SustAt}
rNeg   + . .     SustAt   +     T - +2 shield {reflect} {Reflect}
rPois  +         Gourm    .     B - +2 helmet of the Clam {+Blink Str+4}
rElec  .         Spirit   +     y - +2 cloak {MR+} {MR+}
rCorr  .         Warding  .     (gloves unavailable)
rMut   .         Stasis   .     L - +0 pair of boots of the Evil One {+Fly}
MR     +++..                    W - amulet of clarity {Clar}
Stlth  ..........               g - ring "Veobo" {rF+ MP+9 AC+3 Int+2}
                                m - ring of magical power {MP+9}

@: protected from cold, corroded equipment, repel missiles, extremely resistant
to hostile enchantments, extremely unstealthy
A: claws 3, hooves 1, slimy green scales 2, berserk 1, blurry vision 1, cold
resistance 1, deterioration 1, frail 1, negative energy resistance 1, sense
surroundings 2, poison resistance, powered by death 2, slow regeneration 1,
evolution 1, magic shield, magic regeneration, magic link
a: Upheaval, Elemental Force, Disaster Area, Renounce Religion, Evoke Blink,
Evoke Flight
}: 2/15 runes: barnacled, gossamer


You were on level 5 of the Pits of Slime.
You worshipped Qazlal.
Qazlal was extremely pleased with you.
You were not hungry.

You visited 8 branches of the dungeon, and saw 44 of its levels.
You also visited: Labyrinth, Ossuary and Bailey.

You collected 4370 gold pieces.
You spent 1275 gold pieces at shops.


Innate Abilities, Weirdness & Mutations

You have claws for hands.
You are mostly covered in slimy green scales (AC +3).
You resist negative energy.
You regenerate health from kills.
When hurt, damage is shared between your health and your magic reserves.
You regenerate magic rapidly.
When low on magic, you restore magic in place of health.
You have large cloven feet.
You tend to lose your temper in combat.
Scrolls take you a little longer to read.
Your flesh is cold resistant.
Your body sometimes deteriorates upon taking damage.
You are frail (-10% HP).
You passively map the area around you.
Your system is resistant to poisons.
You regenerate slowly when monsters are visible.
You evolve.

Inventory:

Hand Weapons
 K - the +8 mace of Compulsion (weapon) {crush, *Rage rF+ rC+ MR+}
   (You found it on level 8 of the Dungeon)

   It inflicts extra damage upon your enemies.
   It protects you from fire.
   It protects you from cold.
   It affects your resistance to hostile enchantments.
   It may make you go berserk in combat.
Missiles
 F - 4 throwing nets (quivered) {+f}
Armour
 y - a +2 cloak of magic resistance (worn) {MR+}
 B - the +2 helmet of the Clam (worn) {+Blink Str+4}
   (You took it off Robin on level 3 of the Dungeon)

   It affects your strength (+4).
   It lets you blink.
 L - the +0 pair of boots of the Evil One (worn) {+Fly}
   (You found it on level 9 of the Dungeon)

   It lets you fly.
 M - the +8 orange crystal plate armour (worn) {Archmagi, Int+3 Clar SustAt}
   (You found it on level 3 of the Elven Halls)

   It affects your intelligence (+3).
   It sustains your strength, intelligence and dexterity.
   It protects you against confusion.
 T - a +2 shield of reflection (worn) {Reflect}
 Z - the +2 helmet of the Alphagorgon {rElec rPois Stlth+}
   (You found it in a labyrinth)

   It insulates you from electricity.
   It protects you from poison.
   It makes you more stealthy.
Jewellery
 g - the ring "Veobo" (right claw) {rF+ MP+9 AC+3 Int+2}
   (You took it off a deep elf demonologist on level 3 of the Elven Halls)

   [ring of protection]

   It affects your AC (+3).
   It affects your intelligence (+2).
   It protects you from fire.
   It affects your magic capacity (+9).
 m - a ring of magical power (left claw) {MP+9}
 W - an amulet of clarity (around neck) {Clar}
Wands
 a - a wand of fireball (15)
 b - a wand of digging (9)
 e - a wand of confusion (37)
 E - a wand of cold (15)
 G - a wand of teleportation (5) {!V}
 O - a wand of fire (15)
 U - a wand of paralysis (16)
 V - a wand of slowing (35)
 Y - a wand of lightning (9)
Scrolls
 c - 4 scrolls of blinking
 j - 3 scrolls of enchant weapon
 o - 12 scrolls of teleportation
 p - 2 scrolls of magic mapping
 v - a scroll of brand weapon
 x - 6 scrolls of fear
 A - a scroll of silence
 H - 20 scrolls of remove curse
 I - 4 scrolls of fog
 X - 6 scrolls of identify
Potions
 d - 3 potions of might {Str+5 DMG+1d10}
 h - 3 potions of lignification
 i - 3 potions of magic
 k - a potion of heal wounds
 l - 24 potions of curing
 n - 5 potions of invisibility
 s - 3 potions of brilliance {Archmagi Int+5 Wiz++}
 u - 5 potions of cancellation
 z - 4 potions of agility {Stlth+ Dex+5 EV+5}
 J - 3 potions of resistance {rF+ rC+ rPois rElec rCorr}
 P - 8 potions of ambrosia
 Q - 3 potions of berserk rage
 R - 2 potions of haste
Miscellaneous
 f - a fan of gales
 D - a lamp of fire
 S - a phial of floods
Comestibles
 q - 23 fruits
 r - 15 bread rations
 t - 19 meat rations


You had 19 spell levels left.
You didn't know any spells.


   Skills:
 * Level 13.1 Fighting
 + Level 18.6 Maces & Flails
   Level 9.4 Polearms
 + Level 13.7 Armour
 - Level 15.7 Shields
 - Level 11.9 Invocations
 - Level 9.8 Evocations

Dungeon Overview and Level Annotations

Branches:
Dungeon (15/15)            Temple (1/1) D:6            Lair (8/8) D:10
 Shoals (4/4) Lair:3       Spider (4/4) Lair:3        Slime (5/6) Lair:8
    Orc (4/4) D:10            Elf (3/3) Orc:3        Vaults (0/5) D:13
 Depths (0/5) D:15

Altars:
Ashenzari
Cheibriados
Dithmenos
Elyvilon
Fedhas
Gozag
Kikubaaqudgha
Makhleb
Nemelex Xobeh
Okawaru
Qazlal
Ru
Sif Muna
Trog
Vehumet
Xom
Yredelemnul
Zin
The Shining One
Beogh
Jiyva

Shops:
D:5 *   D:6 =   D:11 ?   Orc:2 :[*%   Orc:4 !(!%%   Shoals:1 (

Annotations:
Elf:2 5 runed doors

Vault maps used:
D:1:      dpeg_arrival_tiny_d
D:2:      makhleb_altar_promises_db, minmay_misc_feat_enclosed
D:3:      kennysheep_ying_yang, first_bread, uniq_crazy_yiuf_cottage,
          uniq_robin, uniq_jessica
D:4:      serial_bayou_ford_a, grunt_ministairs_6
D:5:      nicolae_ru_the_path_less_chosen, basic_altar, serial_shops, shop
D:6:      nicolae_overflow_crystal_walls, minmay_temple_entry_grid,
          serial_shops, nicolae_shop_stone
D:7:      okawaru_humans
D:8:      kennysheep_housing_project, lemuel_round_altar,
          nicolae_ossuary_entry_monument
D:10:     lair_0_dummy, kennysheep_orc_monster_closet_entryway, the_bakery,
          hex_large
D:11:     serial_shops, shop_scrolls, hangedman_weighted_door, tgw_fedhas
D:12:     minmay_separated_statues, basic_altar
D:13:     grunt_vaults_entry_tiered
D:14:     fountainhead
D:15:     grunt_enter_depths_giant_problem, minmay_door_square
Temple:   circular_temple_12
Lair:1:   minmay_lair_oklob_items, lab_entry_generic, basic_altar
Lair:2:   uniq_urug
Lair:3:   minmay_shoals_entry_lonely_mermaid, nicolae_spider_entry_orb_guardian
Lair:5:   erik_1, minmay_another_anthill
Lair:6:   uniq_nessos
Lair:7:   minmay_holes
Lair:8:   hangedman_lair_caniforms_friends, guppyfry_lair_end_dragon,
          slime_altar_1
Shoals:1: serial_shops, shop
Shoals:2: uniq_frances, uniq_aizul, uniq_polyphemus
Shoals:3: nicolae_shoals_undead_eyrie
Shoals:4: shoals_end_grunt_ice, shoal_ilsuiw, uniq_ilsuiw
Spider:1: hangedman_spider_tarantella_strand
Spider:2: spider_trap
Spider:3: nicolae_spider_cling_ruins
Spider:4: grunt_spider_rune_parallel, spider_trap, uniq_kirke
Slime:4:  nicolae_slime_welcoming_committee
Orc:2:    serial_shops, nicolae_shop_trees, shop, shop, shop, enter_bailey_3,
          basic_altar, lemuel_statue_altar
Orc:3:    nicolae_orc_pool_cavern, uniq_donald
Orc:4:    st_orc_town, serial_shops, shop, basic_altar
Elf:1:    minmay_elf_arrival_summoners, minivault_28
Elf:3:    elf_hall, grunt_ministairs_10
Lab:      labyrinth_mini_lab, nicolae_lab_very_dead_end, nicolae_lab_garden
Ossuary:  ossuary_zaba_two_paths
Bailey:   bailey_axe_minmay_hex_keep, bailey
You       could see 2 acid blobs, an azure jelly, a great orb of eyes and a
          slime creature.


Message History

The blast of magma engulfs the azure jelly.
The azure jelly is burned terribly!
The azure jelly is heavily wounded.
* * * LOW MAGIC WARNING * * *
You block the slime creature's attack. You block the azure jelly's attack.
You block the azure jelly's attack.
The azure jelly hits you but does no damage. x2
The very large slime creature is struck by lightning.
The very large slime creature hits you but does no damage.
The great orb of eyes gazes at you. You resist with almost no effort.
The acid blob is engulfed in freezing vapours.
The acid blob spits acid at you.
The splash of acid is repelled.
The splash of acid hits the great orb of eyes.
The acid corrodes the great orb of eyes!
An acid blob comes into view.
Nature churns violently around you!
The blast of rubble hits the very large slime creature.
You kill the very large slime creature!
Qazlal accepts your kill.
* * * LOW MAGIC WARNING * * *
The azure jelly is struck by lightning.
The azure jelly barely misses you. The azure jelly hits you.
* * * LOW HITPOINT WARNING * * *
The azure jelly freezes you! You resist.
Your resistance to physical damage fades away.
You feel protected from cold.
* * * LOW MAGIC WARNING * * *
* * * LOW HITPOINT WARNING * * *
You block the azure jelly's attack. x2
The slime creature hits you but does no damage.
The acid blob spits acid at you. The splash of acid hits you!
The acid burns!
* * * LOW MAGIC WARNING * * *
* * * LOW HITPOINT WARNING * * *
The great orb of eyes closely misses you.
You lost 29 HP.
You have now: 8/140 HP.
Drink which item? (? for menu, Esc to quit)
You feel much better.
The azure jelly is struck by lightning.
You block the azure jelly's attack. x2
The azure jelly hits you but does no damage. x2
The slime creature hits you.
* * * LOW MAGIC WARNING * * *
* * * LOW HITPOINT WARNING * * *
The acid blob hits you!!
* * * LOW MAGIC WARNING * * *
* * * LOW HITPOINT WARNING * * *
You are splashed with acid!
The acid burns!
You die...

Action                   |  1- 3 |  4- 6 |  7- 9 | 10-12 | 13-15 | 16-18 | 19-21 || total
-------------------------+-------+-------+-------+-------+-------+-------+-------++-------
Melee: Trident           |   168 |   468 |   728 |       |       |       |       ||  1364
       Mace              |       |       |   124 |   932 |  1220 |  2125 |  1298 ||  5699
Invok: Upheaval          |       |       |       |     8 |       |    13 |       ||    21
       Disaster Area     |       |       |       |       |       |     5 |     6 ||    11
 Abil: Evoke Blink       |       |       |       |     1 |       |     1 |     2 ||     4
       Evoke Flight      |       |       |       |       |       |     1 |     1 ||     2
Evoke: Wand              |       |       |       |     3 |       |       |       ||     3
  Use: Scroll            |       |     7 |    15 |     8 |    19 |    12 |     5 ||    66
       Potion            |       |       |       |     4 |     2 |     5 |     3 ||    14
 Stab: Distracted        |       |       |       |       |     1 |       |       ||     1
  Eat: Chunk             |     2 |    14 |    20 |    37 |    18 |    36 |     2 ||   129
       Beef jerky        |       |       |     1 |       |     4 |     4 |     2 ||    11
       Fruit             |       |       |     1 |     1 |       |       |     5 ||     7
       Meat ration       |       |       |     1 |       |       |     1 |     1 ||     3
       Bread ration      |       |       |       |     1 |       |       |     2 ||     3
       Pizza             |       |       |       |       |       |     9 |       ||     9

Notes
Turn   | Place    | Note
--------------------------------------------------------------
     0 | D:1      | Tobisume the Demonspawn Fighter began the quest for the Orb.
     0 | D:1      | Reached XP level 1. HP: 18/18 MP: 1/1
    21 | D:1      | Reached skill level 2 in Polearms
    97 | D:1      | Gained mutation: You have sharp fingernails. [demonic ancestry]
    97 | D:1      | Reached XP level 2. HP: 17/24 MP: 2/2
   382 | D:1      | Reached skill level 3 in Polearms
   717 | D:1      | Reached XP level 3. HP: 29/29 MP: 3/3
  1577 | D:2      | Gained mutation: When hurt, damage is shared between your health and your magic reserves. [demonic ancestry]
  1577 | D:2      | Reached XP level 4. HP: 31/35 MP: 4/4
  1637 | D:2      | Reached skill level 3 in Armour
  2355 | D:2      | Reached skill level 4 in Polearms
  2419 | D:2      | Found a burning altar of Makhleb.
  2419 | D:2      | Noticed a blizzard demon
  2788 | D:3      | Noticed Crazy Yiuf
  2805 | D:3      | Killed Crazy Yiuf
  2805 | D:3      | Gained mutation: You have very sharp fingernails. [demonic ancestry]
  2805 | D:3      | Reached XP level 5. HP: 17/41 MP: 5/5
  3776 | D:3      | Reached skill level 5 in Polearms
  3777 | D:3      | Noticed Jessica
  3787 | D:3      | Reached XP level 6. HP: 9/47 MP: 2/6
  3894 | D:3      | Killed Jessica
  4216 | D:3      | Reached skill level 4 in Armour
  4289 | D:3      | Found a basalt altar of Yredelemnul.
  4364 | D:3      | Found a white marble altar of Elyvilon.
  4465 | D:3      | Noticed Robin
  4474 | D:3      | Killed Robin
  4484 | D:3      | Got a smoking helmet
  4665 | D:3      | Identified the +2 helmet of the Clam {+Blink Str+4} (You took it off Robin on level 3 of the Dungeon)
  5358 | D:5      | Entered Level 5 of the Dungeon
  5398 | D:5      | Reached skill level 1 in Evocations
  5415 | D:5      | Gained mutation: You are partially covered in slimy green scales (AC +2). [demonic ancestry]
  5415 | D:5      | Reached XP level 7. HP: 52/52 MP: 7/7
  5436 | D:5      | Found Obittuap's General Store.
  5442 | D:5      | Bought a potion of heal wounds for 75 gold pieces
  5442 | D:5      | Bought a potion of agility for 60 gold pieces
  5522 | D:5      | Found a sacrificial altar of Ru.
  5851 | D:5      | Reached skill level 6 in Polearms
  6027 | D:5      | Gained mutation: You can breathe flames. [mutagenic meat]
  6028 | D:5      | Gained mutation: You are somewhat resistant to further mutation. [mutagenic meat]
  6271 | D:5      | Found a sacrificial altar of Ru.
  6287 | D:5      | Reached skill level 2 in Evocations
  6406 | D:6      | Reached skill level 5 in Armour
  6406 | D:6      | Gained mutation: You regenerate a little health from kills. [demonic ancestry]
  6406 | D:6      | Reached XP level 8. HP: 39/58 MP: 10/10
  6418 | D:6      | Reached skill level 7 in Polearms
  6418 | D:6      | Reached skill level 3 in Evocations
  6478 | D:6      | Found a shadowy altar of Dithmenos.
  6633 | D:6      | Found Tezxute's Jewellery Shoppe.
  6781 | D:6      | Found a staircase to the Ecumenical Temple.
  6796 | Temple   | Entered the Ecumenical Temple
  6857 | Temple   | Became a worshipper of Qazlal Stormbringer
  7570 | D:7      | Found an iron altar of Okawaru.
  7605 | D:7      | Reached skill level 4 in Evocations
  7616 | D:7      | Reached skill level 8 in Polearms
  7921 | D:7      | Reached XP level 9. HP: 52/63 MP: 12/12
  8158 | D:7      | Reached skill level 5 in Evocations
  8203 | D:7      | Reached * piety under Qazlal
  8274 | D:7      | Reached skill level 9 in Polearms
  8537 | D:8      | Found a sand-covered staircase.
  8551 | Ossuary  | Entered an ossuary
  8629 | Ossuary  | Reached ** piety under Qazlal
  9014 | D:8      | Got a fine mace
  9015 | D:8      | Identified the +8 mace of Compulsion {crush, *Rage rF+ rC+ MR+} (You found it on level 8 of the Dungeon)
  9027 | D:8      | Found a shimmering altar of Xom.
  9086 | D:8      | Reached skill level 1 in Maces & Flails
  9086 | D:8      | Reached skill level 1 in Invocations
  9147 | D:8      | Reached skill level 6 in Evocations
  9205 | D:8      | Reached skill level 2 in Maces & Flails
  9217 | D:8      | Reached skill level 2 in Invocations
  9244 | D:8      | Reached *** piety under Qazlal
  9257 | D:8      | Reached skill level 3 in Maces & Flails
  9299 | D:8      | Reached skill level 3 in Invocations
  9687 | D:8      | Identified a scroll of acquirement
 10107 | D:9      | Reached skill level 4 in Maces & Flails
 10107 | D:9      | Reached XP level 10. HP: 70/70 MP: 15/15
 10126 | D:9      | Reached skill level 4 in Invocations
 10160 | D:9      | Got a pair of fine boots
 10171 | D:9      | Identified the cursed +0 pair of boots of the Evil One {+Fly} (You found it on level 9 of the Dungeon)
 10563 | D:10     | Entered Level 10 of the Dungeon
 10588 | D:10     | Reached **** piety under Qazlal
 10602 | D:10     | Reached skill level 5 in Maces & Flails
 10614 | D:10     | Found a staircase to the Lair.
 10634 | D:10     | Reached skill level 7 in Evocations
 10829 | D:10     | Reached skill level 5 in Invocations
 10860 | D:10     | Found a staircase to the Orcish Mines.
 10885 | D:10     | Reached skill level 6 in Maces & Flails
 10927 | D:10     | Reached skill level 6 in Invocations
 11480 | Orc:1    | Entered Level 1 of the Orcish Mines
 11533 | Orc:1    | Reached skill level 7 in Maces & Flails
 11617 | Orc:2    | Found Kukhla's Book Boutique.
 11671 | Orc:2    | Found Him Ycow's Food Boutique.
 11680 | Orc:2    | Reached skill level 8 in Evocations
 11767 | Orc:2    | Reached skill level 7 in Invocations
 11801 | Orc:2    | Noticed an orc sorcerer
 11810 | Orc:2    | Killed an orc sorcerer
 11810 | Orc:2    | Reached XP level 11. HP: 75/75 MP: 17/17
 11818 | Orc:2    | Found Xayqu's Assorted Antiques.
 11820 | Orc:2    | Found Enlof's Antique Armour Emporium.
 11853 | Orc:2    | Found a roughly hewn altar of Beogh.
 11886 | Orc:2    | Found a roughly hewn altar of Beogh.
 11914 | Orc:2    | Reached ***** piety under Qazlal
 11950 | Orc:2    | Found a flagged portal.
 11958 | Bailey   | Entered a bailey
 12198 | Bailey   | Noticed an orc warlord
 12225 | Bailey   | Killed an orc warlord
 12225 | Bailey   | Reached skill level 8 in Maces & Flails
 12225 | Bailey   | Reached skill level 8 in Invocations
 12509 | Orc:2    | Bought a potion of heal wounds for 105 gold pieces
 12931 | Orc:3    | Found a staircase to the Elven Halls.
 13001 | Orc:3    | Noticed Donald
 13006 | Orc:3    | Killed Donald
 13006 | Orc:3    | Reached skill level 9 in Evocations
 13043 | Orc:3    | Reached skill level 9 in Maces & Flails
 13455 | Orc:4    | Entered Level 4 of the Orcish Mines
 13520 | Orc:4    | Reached skill level 9 in Invocations
 13692 | Orc:4    | Gained mutation: You regenerate health from kills. [demonic ancestry]
 13692 | Orc:4    | Reached XP level 12. HP: 81/81 MP: 19/19
 13851 | Orc:4    | Reached ****** piety under Qazlal
 13853 | Orc:4    | Reached skill level 10 in Maces & Flails
 14075 | Orc:4    | Found Voafutir's Distillery.
 14084 | Orc:4    | Bought a potion of might for 60 gold pieces
 14084 | Orc:4    | Bought a potion of heal wounds for 75 gold pieces
 14084 | Orc:4    | Bought a potion of curing for 45 gold pieces
 14084 | Orc:4    | Bought a potion of heal wounds for 75 gold pieces
 14084 | Orc:4    | Bought a potion of might for 60 gold pieces
 14104 | Orc:4    | Reached skill level 10 in Invocations
 14221 | Orc:4    | Found a roughly hewn altar of Beogh.
 14450 | Orc:4    | Found a roughly hewn altar of Beogh.
 14498 | Orc:4    | Found Lunufedd's Distillery.
 14498 | Orc:4    | Found Ifijiulu's Antique Weapon Shop.
 14503 | Orc:4    | Bought a potion of flight for 36 gold pieces
 14503 | Orc:4    | Bought a potion of curing for 36 gold pieces
 14503 | Orc:4    | Bought a potion of curing for 36 gold pieces
 14503 | Orc:4    | Bought a potion of curing for 36 gold pieces
 14503 | Orc:4    | Bought a potion of curing for 36 gold pieces
 14503 | Orc:4    | Bought a potion of ambrosia for 96 gold pieces
 14537 | Orc:4    | Found Xoeblumid's Food Shop.
 14537 | Orc:4    | Found Egitut's Food Emporium.
 14748 | Lair:1   | Entered Level 1 of the Lair of Beasts
 14922 | Lair:1   | Noticed a four-headed hydra
 14932 | Lair:1   | Killed a four-headed hydra
 14940 | Lair:1   | Reached skill level 4 in Fighting
 15072 | Lair:1   | Reached skill level 11 in Maces & Flails
 15240 | Lair:1   | Found a labyrinth entrance.
 15251 | Lab      | Entered a labyrinth
 15367 | Lab      | Noticed a minotaur
 15376 | Lab      | Killed a minotaur
 15416 | Lab      | Got a faintly humming helmet
 15435 | Lab      | Identified the +2 helmet of the Alphagorgon {rElec rPois Stlth+} (You found it in a labyrinth)
 15454 | Lair:1   | Reached skill level 11 in Invocations
 15830 | Lair:1   | Got a slimy chain mail
 16010 | Lair:1   | Found a white marble altar of Elyvilon.
 16204 | Lair:2   | Reached skill level 5 in Fighting
 16224 | Lair:2   | Noticed a seven-headed hydra
 16226 | Lair:2   | Noticed Urug
 16240 | Lair:1   | Killed a seven-headed hydra
 16240 | Lair:1   | Gained mutation: You have claws for hands. [demonic ancestry]
 16240 | Lair:1   | Reached XP level 13. HP: 81/92 MP: 10/21
 16251 | Lair:1   | Killed Urug
 16276 | Lair:2   | Reached skill level 12 in Maces & Flails
 16770 | Lair:3   | Reached skill level 6 in Fighting
 16784 | Lair:3   | Found a staircase to the Shoals.
 17200 | Lair:3   | Found a hole to the Spider Nest.
 17859 | Lair:4   | Reached skill level 7 in Fighting
 18489 | Lair:5   | Reached skill level 13 in Maces & Flails
 19435 | Lair:6   | Noticed Nessos
 19440 | Lair:6   | Killed Nessos
 19440 | Lair:6   | Reached skill level 8 in Fighting
 19750 | Lair:6   | Reached XP level 14. HP: 105/105 MP: 22/22
 20145 | Lair:7   | Reached skill level 14 in Maces & Flails
 20237 | Lair:7   | Reached skill level 9 in Fighting
 20321 | Lair:7   | Got a jewelled quarterstaff
 20769 | Lair:8   | Entered Level 8 of the Lair of Beasts
 21025 | Lair:8   | Reached skill level 15 in Maces & Flails
 21148 | Lair:8   | Found a viscous altar of Jiyva.
 21149 | Lair:8   | Found a staircase to the Slime Pits.
 21505 | Lair:8   | Reached skill level 10 in Fighting
 21555 | Lair:8   | Reached skill level 3 in Shields
 21691 | Lair:8   | Reached skill level 6 in Armour
 22191 | D:11     | Found Rachyff's Magic Scroll Shoppe.
 22202 | D:11     | Bought a scroll of identify for 24 gold pieces
 22203 | D:11     | Gained mutation: You are resistant to hostile enchantments. [potion of mutation]
 22253 | D:11     | Reached skill level 4 in Shields
 22301 | D:11     | Found a blossoming altar of Fedhas.
 22416 | D:11     | Reached skill level 6 in Shields
 22416 | D:11     | Gained mutation: You regenerate magic rapidly. [demonic ancestry]
 22416 | D:11     | Reached XP level 15. HP: 115/115 MP: 23/23
 22474 | D:11     | Reached skill level 7 in Armour
 22531 | D:11     | Got a crystal scythe
 23237 | D:12     | Gained mutation: You resist negative energy. [demonic ancestry]
 23237 | D:12     | Reached XP level 16. HP: 120/122 MP: 24/24
 23406 | D:12     | Found a burning altar of Makhleb.
 23507 | D:12     | Reached skill level 7 in Shields
 23913 | D:13     | Reached skill level 8 in Armour
 23993 | D:13     | Found a gate to the Vaults.
 24028 | D:13     | Reached skill level 8 in Shields
 24132 | D:13     | Gained mutation: Your flesh is cold resistant. [mutagenic meat]
 24134 | D:13     | Gained mutation: You expend magic power (3 MP) to strengthen your wands. [mutagenic meat]
 24135 | D:13     | Lost mutation: You are resistant to hostile enchantments. [potion of cure mutation]
 24135 | D:13     | Lost mutation: You are somewhat resistant to further mutation. [potion of cure mutation]
 24135 | D:13     | Lost mutation: You expend magic power (3 MP) to strengthen your wands. [potion of cure mutation]
 24135 | D:13     | Lost mutation: You can breathe flames. [potion of cure mutation]
 24135 | D:13     | Lost mutation: Your flesh is cold resistant. [potion of cure mutation]
 24829 | D:14     | Gained mutation: You are frail (-10% HP). [mutagenic meat]
 24830 | D:14     | Gained mutation: Your flesh is cold resistant. [mutagenic meat]
 24831 | D:14     | Gained mutation: You have large cloven feet. [mutagenic meat]
 24832 | D:14     | Gained mutation: You evolve. [mutagenic meat]
 24833 | D:14     | Gained mutation: You possess an exceptional clarity of mind. [mutagenic meat]
 24834 | D:14     | Gained mutation: You have a pair of small horns on your head. [mutagenic meat]
 24835 | D:14     | Gained mutation: You regenerate slowly when monsters are visible. [mutagenic meat]
 24836 | D:14     | Gained mutation: You passively map a small area around you. [mutagenic meat]
 24838 | D:14     | Lost mutation: You are frail (-10% HP). [mutagenic meat]
 24839 | D:14     | Gained mutation: You passively map the area around you. [mutagenic meat]
 24840 | D:14     | Gained mutation: Your body sometimes deteriorates upon taking damage. [mutagenic meat]
 24841 | D:14     | Gained mutation: Scrolls take you a little longer to read. [mutagenic meat]
 25057 | Orc:4    | Bought a potion of cure mutation for 420 gold pieces
 25057 | Orc:4    | Lost mutation: You have a pair of small horns on your head. [potion of cure mutation]
 25057 | Orc:4    | Lost mutation: You possess an exceptional clarity of mind. [potion of cure mutation]
 25662 | D:15     | Entered Level 15 of the Dungeon
 25707 | D:14     | Reached skill level 9 in Shields
 25841 | D:15     | Found a staircase to the Depths.
 26231 | D:15     | Reached skill level 9 in Armour
 26466 | Elf:1    | Entered Level 1 of the Elven Halls
 26538 | Elf:1    | Gained mutation: Your system is resistant to poisons. [evolution]
 26720 | Elf:1    | Reached skill level 16 in Maces & Flails
 26892 | Elf:1    | Reached skill level 10 in Shields
 27517 | Elf:2    | Gained mutation: You are mostly covered in slimy green scales (AC +3). [demonic ancestry]
 27517 | Elf:2    | Reached XP level 17. HP: 119/128 MP: 25/25
 27683 | Elf:2    | Reached skill level 11 in Shields
 27958 | Elf:2    | Found a huge runed gate.
 27958 | Elf:2    | Found a huge runed gate.
 27958 | Elf:2    | Found a huge runed gate.
 27958 | Elf:2    | Found a huge runed gate.
 27960 | Elf:2    | Found a huge runed gate.
 28165 | Elf:3    | Entered Level 3 of the Elven Halls
 28583 | Elf:3    | Reached skill level 10 in Armour
 28669 | Elf:3    | Reached skill level 12 in Shields
 29574 | Elf:3    | Noticed a Hell Sentinel
 29957 | Elf:3    | Reached skill level 13 in Shields
 29959 | Elf:3    | Got a scintillating bronze ring
 29961 | Elf:3    | Identified the ring "Veobo" {rF+ MP+9 AC+3 Int+2} (You took it off a deep elf demonologist on level 3 of the Elven Halls)
 30137 | Elf:3    | Got a shimmering chain mail
 30527 | Shoals:1 | Entered Level 1 of the Shoals
 30562 | Shoals:1 | Reached skill level 11 in Armour
 30604 | Shoals:1 | Reached skill level 17 in Maces & Flails
 30604 | Shoals:1 | Reached XP level 18. HP: 134/134 MP: 26/26
 31148 | Shoals:1 | Found Behoy's Antique Weapon Emporium.
 31321 | Shoals:2 | Noticed Aizul
 31333 | Shoals:2 | Noticed Polyphemus
 31358 | Shoals:1 | Killed Aizul
 31406 | Shoals:1 | Killed Polyphemus
 31482 | Shoals:1 | Gained mutation: You possess an exceptional clarity of mind. [mutagenic meat]
 31483 | Shoals:1 | Lost mutation: You possess an exceptional clarity of mind. [mutagenic meat]
 31484 | Shoals:1 | Gained mutation: You tend to lose your temper in combat. [mutagenic meat]
 31789 | Shoals:2 | Noticed Frances
 31808 | Shoals:2 | Killed Frances
 32330 | Shoals:3 | Reached skill level 14 in Shields
 33182 | Shoals:4 | Entered Level 4 of the Shoals
 33240 | Shoals:4 | Reached skill level 12 in Armour
 33648 | Shoals:4 | Noticed Ilsuiw
 33670 | Shoals:4 | Reached skill level 15 in Shields
 33674 | Shoals:4 | Killed Ilsuiw
 33718 | Shoals:4 | Reached XP level 19. HP: 122/140 MP: 27/27
 33871 | Shoals:4 | Got a jewelled short sword
 34022 | Shoals:4 | Got a jewelled trident
 34411 | Shoals:4 | Got a barnacled rune of Zot
 34683 | Spider:1 | Entered Level 1 of the Spider Nest
 34912 | Spider:1 | Identified the cursed +2 trident "Ebyapt" {pierce, rPois rC++ Str-4} (You found it on level 4 of the Shoals)
 35803 | Spider:2 | Got a smoking spear
 35806 | Spider:2 | Identified the +6 spear of Qurid {pierce, rPois rF+} (You found it on level 2 of the Spider Nest)
 36068 | Spider:3 | Reached skill level 18 in Maces & Flails
 36489 | Spider:4 | Entered Level 4 of the Spider Nest
 36645 | Spider:4 | Reached skill level 11 in Fighting
 36736 | Spider:4 | Noticed Kirke
 36749 | Spider:4 | Killed Kirke
 36758 | Spider:4 | Reached skill level 13 in Armour
 37457 | Spider:4 | Reached skill level 12 in Fighting
 37538 | Spider:4 | Got a gossamer rune of Zot
 37900 | Slime:1  | Entered Level 1 of the Pits of Slime
 37944 | Slime:1  | Gained mutation: When low on magic, you restore magic in place of health. [demonic ancestry]
 37944 | Slime:1  | Reached XP level 20. HP: 112/153 MP: 28/28
 38507 | Slime:2  | Gained mutation: You are frail (-10% HP). [a shining eye]
 39324 | Slime:4  | Reached skill level 13 in Fighting
 39886 | Slime:5  | HP: 2/140 [acid blob (16)]
 39886 | Slime:5  | Splashed by an acid blob's acid

Table legend:
 A = Turns spent in this place as a percentage of turns spent in the entire game.
 B = Non-inter-level travel turns spent in this place as a percentage of non-inter-level travel turns spent in the entire game.
 C = Inter-level travel turns spent in this place as a percentage of turns spent in this place.
 D = Turns resting spent in this place as a percentage of non-inter-level travel turns spent in this place.
 E = Turns spent auto-exploring this place as a percentage of non-inter-level travel turns spent in this place.
 F = Non-inter-level travel turns spent in this place divided by the number of levels of this place that you've seen.
                   A       B       C       D       E      F
               +-------+-------+-------+-------+-------+----------------------
         Total | 100.0 | 100.0 |   0.4 |   1.9 |   6.4 | 329.2
       Dungeon |  30.5 |  30.5 |   0.5 |   2.0 |   9.7 | 314.3
        Temple |   0.2 |   0.2 |   0.0 |   0.0 |  29.2 |  24.0
          Lair |  16.5 |  16.5 |   0.4 |   1.6 |   7.0 | 319.4
        Shoals |  13.9 |  13.9 |   0.3 |   1.5 |   3.3 | 538.2
   Spider Nest |   8.8 |   8.8 |   0.6 |   0.5 |   6.0 | 340.5
    Slime Pits |   4.7 |   4.7 |   0.5 |   5.9 |   1.0 | 145.6
  Orcish Mines |   9.0 |   9.0 |   0.6 |   2.9 |   4.0 | 347.8
   Elven Halls |  11.3 |  11.3 |   0.3 |   2.2 |   5.0 | 583.7
     Labyrinth |   1.2 |   1.2 |   0.0 |   0.0 |   0.0 | 185.0
       Ossuary |   2.0 |   2.0 |   0.0 |   0.0 |  10.8 | 305.0
        Bailey |   2.0 |   2.0 |   0.0 |   1.6 |   3.3 | 306.0
               +-------+-------+-------+-------+-------+----------------------

Table legend:
 A = Kills in this place as a percentage of kills in entire the game.
 B = Kills by you in this place as a percentage of kills by you in the entire game.
 C = Kills by friends in this place as a percentage of kills by friends in the entire game.
 D = Other kills in this place as a percentage of other kills in the entire game.
 E = Experience gained in this place as a percentage of experience gained in the entire game.
 F = Experience gained in this place divided by the number of levels of this place that you have seen.
                   A       B       C       D       E      F
               +-------+-------+-------+-------+-------+----------------------
         Total | 100.0 | 100.0 |  -nan | 100.0 | 100.0 | 9908.8
       Dungeon |  29.2 |  29.3 |  -nan |  22.2 |  13.3 | 4118.8
          Lair |  19.4 |  19.5 |  -nan |   5.6 |  14.2 | 8295.1
        Shoals |  10.5 |  10.3 |  -nan |  33.3 |  23.2 | 27069.0
   Spider Nest |  12.0 |  12.1 |  -nan |   5.6 |  16.2 | 18859.2
    Slime Pits |   4.8 |   4.7 |  -nan |  16.7 |   9.2 | 8584.6
  Orcish Mines |   9.4 |   9.5 |  -nan |   0.0 |   2.6 | 3067.2
   Elven Halls |   8.0 |   7.9 |  -nan |  16.7 |  20.0 | 31049.7
     Labyrinth |   0.1 |   0.1 |  -nan |   0.0 |   0.2 | 1085.0
       Ossuary |   2.8 |   2.9 |  -nan |   0.0 |   0.1 | 246.0
        Bailey |   3.8 |   3.9 |  -nan |   0.0 |   0.9 | 4187.0
               +-------+-------+-------+-------+-------+----------------------

Vanquished Creatures
  2 deep elf blademasters (Elf:3)
  A kraken (Shoals:1)
  5 acid blobs
  Polyphemus (Shoals:1)
  Frances (Shoals:2)
  Kirke (Spider:4)
  Ilsuiw (Shoals:4)
  4 azure jellies
  A fire giant (D:15)
  Donald (Orc:3)
  A frost giant (Shoals:4)
  3 deep elf sorcerers
  Aizul (Shoals:1)
  5 emperor scorpions
  An orc warlord (Bailey)
  3 ghost moths (Spider:4)
  10 deep elf demonologists
  6 deep elf annihilators (Elf:3)
  8 deep elf death magi (Elf:3)
  5 merfolk javelineers
  4 deep elf high priests (Elf:3)
  A death ooze (Slime:1)
  A fire dragon (Lair:8)
  A minotaur (Lab)
  5 merfolk impalers
  2 vault guards (D:13)
  3 great orbs of eyes
  2 centaur warriors (D:14)
  A catoblepas (Shoals:2)
  6 merfolk aquamancers
  3 dancing weapons (Elf:2)
  An alligator snapping turtle (Shoals:4)
  4 satyrs
  4 merfolk avatars
  11 hydras
  A queen ant (Lair:5)
  An ogre mage (D:15)
  7 death yaks
  Urug (Lair:1)
  15 deep elf knights
  12 sea snakes
  10 deep elf summoners
  A giant orange brain (Slime:5)
  2 necromancers (D:13)
  An obsidian statue (D:12)
  5 hill giants
  19 harpies
  A kraken simulacrum (Shoals:4)
  16 orb spiders
  2 oklob plants
  2 large abominations
  2 orc sorcerers
  13 griffons
  7 cyclopes
  6 orc knights
  13 deep elf conjurers
  12 manticores
  24 wolf spiders
  A griffon (shapeshifter) (Elf:2)
  2 shining eyes
  5 ugly things (D:14)
  7 water nymphs
  3 wizards (D:13)
  15 fauns
  13 sirens
  3 hornets (Spider:4)
  2 black mambas
  3 gargoyles
  13 elephants
  An ice statue (D:12)
  A torpor snail (Lair:7)
  An eye of devastation (Slime:4)
  17 spiny frogs
  A yaktaur (D:13)
  9 demonic crawlers
  3 fire drakes
  3 kobold demonologists (D:11)
  8 komodo dragons
  22 jumping spiders
  10 deep elf priests
  A small abomination (Elf:3)
  3 trolls
  29 merfolk
  3 harpy zombies (Shoals:3)
  2 wind drakes
  3 boulder beetles
  2 griffon zombies (Shoals:3)
  21 blink frogs
  54 slime creatures
  7 snapping turtles
  9 water elementals
  33 trapdoor spiders
  2 wraiths
  A centaur simulacrum (D:11)
  27 deep elf fighters
  19 tarantellas
  74 yaks
  40 redbacks
  A wyvern (D:10)
  3 vampire mosquitoes (D:13)
  28 deep elf magi
  A spriggan (D:10)
  4 hogs (Spider:4)
  25 humans
  A yak (shapeshifter) (D:13)
  2 vampires
  8 golden eyes (Slime:3)
  8 basilisks
  11 hippogriffs
  A hungry ghost (D:13)
  A mottled dragon (D:12)
  5 steam dragons
  9 soldier ants
  A redback simulacrum (D:15)
  8 wargs
  13 water moccasins
  5 sky beasts
  54 orc warriors
  5 porcupines
  2 black bears
  33 spiders
  2 swamp drakes (Lair:8)
  A phantom (D:7)
  5 ice beasts
  2 necrophages
  3 eyes of draining
  4 wasps
  12 ogres
  8 big kobolds
  10 centaurs
  14 crocodiles
  20 giant frogs
  2 wyvern zombies
  7 gnoll sergeants
  8 scorpions
  10 killer bees (D:10)
  A quasit (D:8)
  22 wights
  An electric eel (D:14)
  A giant frog zombie (D:11)
  6 hounds
  5 crimson imps
  9 jellies
  A wasp zombie (D:12)
  3 centaur zombies
  3 giant frog skeletons (D:8)
  24 orc wizards
  Crazy Yiuf (D:3)
  11 centaur skeletons
  Jessica (D:3)
  2 gnoll shamans (D:8)
  16 iguanas
  22 orc priests
  5 hell rats
  23 worker ants
  A killer bee zombie (D:7)
  7 big kobold zombies (Ossuary)
  22 sheep
  A hound zombie (D:6)
  A mummy (Ossuary)
  A hound skeleton (D:11)
  A worker ant zombie (D:11)
  Robin (D:3)
  12 adders
  32 gnolls
  74 river rats
  2 shadow imps
  2 oozes
  2 adder skeletons
  An adder zombie (D:5)
  3 worms
  9 giant geckos
  166 orcs
  3 spectral bats (Ossuary)
  8 bats
  10 giant cockroaches
  28 hobgoblins
  8 jackals
  30 kobolds
  7 quokkas
  2 ball pythons
  2 bat simulacra (Ossuary)
  6 giant newts
  5 gnoll zombies (Ossuary)
  33 goblins
  2 goblin zombies (Ossuary)
  4 hobgoblin zombies (Ossuary)
  7 kobold simulacra (Ossuary)
  5 kobold zombies (Ossuary)
  7 orc zombies (Ossuary)
  A quokka skeleton (D:8)
  A quokka zombie (D:6)
  10 rats
  5 rat simulacra (Ossuary)
  2 spectral kobolds (Ossuary)
  A spectral rat (Ossuary)
  9 bushes
  3 crawling corpses (Elf:3)
  107 fungi
  79 plants
  2 tentacles
  2 tentacle segments (Shoals:1)
1977 creatures vanquished.

Vanquished Creatures (others)
  2 deep elf master archers (Elf:3)
  Nessos (Lair:6)
  2 merfolk javelineers (Shoals:4)
  An unseen horror (D:11)
  2 cyclopes
  A manticore (Shoals:4)
  3 fauns
  A jumping spider (Spider:1)
  A deep elf mage (Elf:3)
  A human (Spider:4)
  A redback (Spider:1)
  A centaur (D:15)
  10 fungi
  19 plants
  9 tentacles
  172 tentacle segments
227 creatures vanquished.

Grand Total: 2204 creatures vanquished
